Map: Lerilak Crest

Players

ImmortalZodd - Winner!

  • Race: Zerg Zerg
  • League: Silver

boydave

  • Race: Protoss Protoss
  • League: Bronze

VOD

Have the link to the VOD?

Description

Time

  • Played on: Jan. 30, 2016, 12:37 a.m.
  • Length: 15:54
Show
View Real Time Build Order
Export as new Build Order

ImmortalZodd Zerg - Winner!

Build Orders: Hatch First 

Get SALT Encoding   

  12  0:01  Drone  
  13  0:10  Drone  
  14  0:17  Drone, Extractor  
  15  0:46  Extractor  
  15  0:48  Hatchery  
  15  0:49  Overlord  
  13  0:54  Drone  
  14  1:17  Drone  
  14  1:18  Drone x2  
  17  1:31  Drone  
  17  1:32  Spawning Pool  
  17  1:42  Drone  
  18  1:51  Drone  
  19  2:00  Overlord  
  20  2:01  Drone  
  20  2:11  Drone x2  
  22  2:20  Metabolic Boost  
  22  2:21  Queen  
  24  2:24  Zergling x2  
  25  2:31  Queen  
  27  2:51  Zergling x4  
  29  2:59  Drone x4  
  33  3:11  Queen  
  35  3:24  Lair  
  35  3:26  Drone  
  36  3:27  Overlord x3  
  36  3:28  Overlord  
  36  3:33  Spore Crawler  
  35  3:37  Spore Crawler  
  35  3:38  Drone  
  36  3:51  Spore Crawler  
  35  4:22  Hatchery  
  34  4:35  Extractor  
  34  4:36  Extractor  
  32  4:39  Overseer  
  32  4:45  Drone x3  
  34  4:46  Drone x2  
  34  4:47  Zergling x2  
  34  4:48  Zergling x12  
  44  4:57  Roach Warren  
  44  4:58  Drone x2  
  45  5:05  Evolution Chamber, Drone x3  
  45  5:06  Drone x4  
  51  5:09  Evolution Chamber  
  50  5:41  Hydralisk Den  
  49  5:49  Zerg Missile Weapons Level 1  
  49  6:01  Zerg Ground Armor Level 1  
  49  6:05  Drone x3  
  49  6:06  Drone x5  
  49  6:08  Drone  
  58  6:12  Queen  
  58  6:14  Queen  
  62  6:19  Queen  
  64  6:26  Hydralisk x3  
  70  6:40  Muscular Augments  
  70  6:46  Hydralisk  
  72  6:48  Queen  
  74  6:55  Overlord x6  
  74  6:56  Overlord x2  
  74  7:20  Hydralisk, Roach  
  74  7:21  Hydralisk x4  
  86  7:27  Extractor  
  86  7:28  Hydralisk  
  87  7:30  Extractor  
  86  7:39  Hydralisk x2  
  90  7:50  Hydralisk x2  
  94  8:04  Hydralisk  
  94  8:05  Hydralisk  
  98  8:13  Extractor  
  98  8:19  Zerg Missile Weapons Level 2  
  97  8:35  Zerg Ground Armor Level 2  
  97  8:37  Queen  
  97  8:39  Queen  
  97  8:40  Queen  
  103  8:43  Spore Crawler  
  102  8:59  Drone x8  
  110  9:06  Hydralisk x6  
  122  9:13  Hydralisk  
  124  9:21  Hydralisk x2  
  128  9:27  Hydralisk  
  128  9:28  Hydralisk  
  132  9:35  Hydralisk  
  134  9:44  Hydralisk x2  
  138  9:49  Overlord x2  
  138  10:07  Infestation Pit  
  138  10:11  Hydralisk x3  
  138  10:12  Hydralisk x2  
  147  10:20  Hydralisk x2  
  147  10:21  Hydralisk  
  153  10:34  Overlord x2  
  153  10:35  Overlord  
  153  10:43  Hive  
  153  11:16  Hydralisk x5  
  153  11:17  Hydralisk x4  
  171  11:30  Hydralisk x3  
  171  11:32  Overlord  
  176  11:53  Overseer x2  
  176  11:58  Hydralisk  
  176  11:59  Hydralisk x5  
  144  12:05  Hydralisk x2  
  118  12:08  Hydralisk  
  104  12:15  Hydralisk  
  104  12:16  Hydralisk  
  102  12:24  Hydralisk x2  
  101  12:49  Hydralisk  
  101  12:50  Hydralisk x6  
  111  13:04  Overseer  
  111  13:05  Hydralisk  
  111  13:06  Hydralisk x2  
  111  13:12  Hydralisk  
  119  13:21  Hydralisk  
  119  13:22  Hydralisk x2  
  125  13:46  Hydralisk x6  
  137  14:00  Hydralisk  
  137  14:01  Hydralisk x3  
  145  14:13  Hydralisk  
  145  14:14  Hydralisk x2  
  151  14:24  Hydralisk  
  151  14:25  Hydralisk x2  
  147  14:42  Hydralisk  
  147  14:43  Hydralisk x4  
  157  14:59  Hydralisk x4  
Show
View Real Time Build Order
Export as new Build Order

boydave Protoss 

Build Orders: Cannon Rush 

Get SALT Encoding   

  12  0:01  Probe (Chrono Boost)  
  13  0:12  Probe (Chrono Boost)  
  14  0:19  Pylon  
  14  0:23  Probe (Chrono Boost)  
  15  0:33  Assimilator  
  15  0:37  Probe (Chrono Boost)  
  16  0:48  Probe (Chrono Boost)  
  17  0:55  Pylon  
  17  1:02  Forge  
  17  1:08  Pylon  
  17  1:12  Probe (Chrono Boost)  
  17  1:14  Pylon  
  18  1:26  Probe (Chrono Boost)  
  19  1:36  Probe (Chrono Boost)  
  20  1:41  Photon Cannon  
  20  1:44  Photon Cannon  
  20  1:48  Photon Cannon  
  20  2:00  Assimilator  
  20  2:03  Gateway  
  20  2:08  Pylon  
  20  2:16  Pylon  
  20  2:20  Probe (Chrono Boost)  
  21  2:31  Probe (Chrono Boost)  
  22  2:42  Probe (Chrono Boost)  
  23  2:52  Nexus  
  23  2:57  Assimilator  
  23  3:02  Assimilator  
  23  3:14  Pylon  
  23  3:23  Cybernetics Core  
  23  3:29  Probe (Chrono Boost)  
  24  3:40  Probe (Chrono Boost)  
  25  3:50  Probe (Chrono Boost)  
  26  4:01  Probe (Chrono Boost)  
  27  4:06  Stargate  
  27  4:07  Stargate  
  27  4:10  Stargate  
  27  4:11  Probe (Chrono Boost)  
  27  4:14  Probe (Chrono Boost)  
  29  4:22  Probe (Chrono Boost)  
  30  4:25  Probe (Chrono Boost)  
  31  4:33  Probe (Chrono Boost)  
  31  4:35  Probe (Chrono Boost)  
  33  4:43  Probe (Chrono Boost)  
  34  4:46  Probe (Chrono Boost)  
  35  4:54  Probe (Chrono Boost)  
  35  4:57  Probe (Chrono Boost)  
  37  5:04  Probe (Chrono Boost)  
  38  5:07  Probe (Chrono Boost)  
  39  5:15  Probe (Chrono Boost)  
  39  5:18  Probe (Chrono Boost)  
  41  5:23  Void Ray  
  41  5:24  Void Ray x2  
  41  5:25  Probe (Chrono Boost)  
  55  5:28  Probe (Chrono Boost)  
  55  5:36  Probe (Chrono Boost)  
  55  5:39  Probe (Chrono Boost)  
  57  5:46  Probe (Chrono Boost)  
  57  5:48  Nexus  
  58  6:06  Void Ray  
  58  6:07  Void Ray x2  
  70  6:18  Assimilator  
  70  6:21  Probe (Chrono Boost)  
  70  6:25  Probe (Chrono Boost)  
  72  6:27  Assimilator  
  72  6:31  Probe (Chrono Boost)  
  73  6:36  Probe (Chrono Boost)  
  74  6:42  Probe (Chrono Boost)  
  74  6:46  Probe (Chrono Boost)  
  76  6:49  Void Ray x2  
  76  6:52  Probe (Chrono Boost)  
  85  6:55  Pylon  
  85  6:57  Probe (Chrono Boost)  
  85  6:58  Pylon  
  85  6:59  Void Ray  
  90  7:02  Pylon  
  90  7:03  Probe (Chrono Boost)  
  90  7:07  Probe (Chrono Boost)  
  92  7:11  Pylon  
  92  7:13  Pylon  
  92  7:15  Pylon  
  92  7:32  Void Ray x2  
  92  7:36  Protoss Shields Level 1 (Chrono Boost)  
  100  7:41  Protoss Air Armor Level 1  
  100  7:42  Void Ray  
  104  8:14  Void Ray  
  104  8:15  Void Ray  
  112  8:22  Probe (Chrono Boost)  
  112  8:26  Void Ray  
  117  8:33  Probe (Chrono Boost)  
  118  8:43  Probe (Chrono Boost)  
  119  8:57  Void Ray  
  119  8:59  Probe (Chrono Boost)  
  119  9:02  Void Ray  
  128  9:09  Void Ray  
  132  9:20  Protoss Air Weapons Level 1  
  132  9:38  Nexus  
  132  9:40  Void Ray, Assimilator  
  132  9:41  Assimilator  
  132  9:44  Void Ray  
  140  9:51  Void Ray  
  144  9:56  Pylon  
  144  9:58  Pylon  
  144  10:00  Pylon  
  144  10:01  Pylon  
  144  10:04  Pylon  
  144  10:07  Pylon  
  144  10:23  Void Ray  
  144  10:27  Void Ray  
  152  10:34  Void Ray  
  156  10:40  Pylon  
  156  11:06  Void Ray  
  156  11:10  Void Ray  
  164  11:17  Void Ray  
  167  11:49  Void Ray  
  167  11:53  Void Ray  
  175  12:00  Void Ray  
  83  12:31  Void Ray  
  83  12:36  Void Ray  
  91  12:43  Void Ray  
  83  13:05  Twilight Council  
  79  13:14  Void Ray  
  79  13:19  Void Ray  
  87  13:25  Void Ray  
  91  13:43  Dark Shrine  
  91  13:50  Gateway  
  91  13:52  Gateway  
  91  13:56  Gateway  
  91  13:57  Void Ray  
  91  14:01  Void Ray  
  99  14:08  Void Ray  
  64  14:40  Void Ray  
  64  14:44  Void Ray  
  72  14:51  Void Ray  
  76  14:55  Dark Templar  
  76  14:56  Dark Templar x3  
Tags
 
Add a new tag
Caveats
  • Supply blocks, unpowered buildings, or Contaminate may cause inaccurate times.
  • Supply counts are checked every 10 seconds.